 Dungeon Crawl Stone Soup version 0.25.1-2-g60ff931df9 (webtiles) character file.

Game seed: 1246774731204428783

51 flotson the Skirmisher (level 3, 0/29 HPs)
             Began as a Demonspawn Monk on Oct 13, 2020.
             Was a Believer of Fedhas.
             Succumbed to an adder's poison
             ... on level 2 of the Dungeon.
             The game lasted 00:01:55 (1467 turns).

flotson the Skirmisher (Demonspawn Monk)            Turns: 1467, Time: 00:01:56

Health: 0/29       AC:  3    Str: 12    XL:     3   Next: 58%
Magic:  3/3        EV: 13    Int: 11    God:    Fedhas [**....]
Gold:   48         SH:  0    Dex: 15    Spells: 2/2 levels left

rFire    . . .     SeeInvis .   a - +0 hand axe
rCold    . . .     Gourm    .   (no shield)
rNeg     . . .     Faith    .   k - +0 leather armour
rPois    .         Spirit   .   (no helmet)
rElec    .         Reflect  .   (no cloak)
rCorr    .         Harm     .   (no gloves)
MR       .....                  (no boots)
Stlth    ++........             i - amulet of magic regeneration
HPRegen  0.09/turn              l - ring of stealth
MPRegen  0.33/turn              (no ring)

@: mighty, lethally poisoned (0 -> -1), berserk cooldown, slowed, very slow
A: hooves 2
a: Wall of Briars, Renounce Religion


You were on level 2 of the Dungeon.
You worshipped Fedhas.
Fedhas was pleased with you.
You were not hungry.

You visited 1 branch of the dungeon, and saw 2 of its levels.

You collected 48 gold pieces.

Inventory:

Hand Weapons
 a - a +0 hand axe (weapon)
Missiles
 g - 15 poisoned darts (quivered)
Armour
 k - a +0 leather armour (worn)
Jewellery
 i - an amulet of magic regeneration (around neck)
 l - a ring of stealth (left hand)
Scrolls
 d - a scroll of random uselessness {unknown}
 h - a scroll of identify {unknown}
Potions
 f - a potion of magic
Comestibles
 b - 4 chunks of flesh
 c - 3 rations


   Skills:
 + Level 3.3 Fighting
 + Level 3.0 Axes
 - Level 1.0 Throwing
 + Level 1.2 Armour
 + Level 3.0 Dodging
 - Level 1.7 Stealth


You had 2 spell levels left.
You didn't know any spells.
Your spell library was empty.

Dungeon Overview and Level Annotations

Branches:
Dungeon (2/15)

Altars:
Fedhas
Makhleb


Innate Abilities, Weirdness & Mutations

You have hoof-like feet.


Message History

A red film seems to cover your vision as you go berserk!
You feel yourself moving faster!
You feel mighty!
You feel sick.
You are too berserk!
You feel a strong urge to attack something.
You feel your anger nearly subside.
You are no longer berserk.
You are exhausted.
You feel yourself slow down.
* * * LOW HITPOINT WARNING * * *
You feel sick.
It was a potion of might.
You feel very mighty all of a sudden.
* * * LOW HITPOINT WARNING * * *
You feel sick.
* * * LOW HITPOINT WARNING * * *
You feel sick.
* * * LOW HITPOINT WARNING * * *
You feel sick.
You die...
Fedhas appreciates your contribution to the ecosystem.

#.#._8_.........##########
#........######...........
##.......#....####รท.......
#..##............)#.#####
######...................#
##..................#######
##............#####.###
#(.............####...#########
#...............@.............#
#..............####.####......###
#..........^...# #.# #.........
#.)............# #.# ###...###.
##.<...........# #.## ##......
##..........#.####..# #....>.
########.###....##.# .......
########)# ####.##.###..#....#.
.........######.##.....##.....#


There were no monsters in sight!

Vanquished Creatures
  2 adders (D:2)
  A dart slug (D:1)
  A worm (D:2)
  A leopard gecko (D:2)
  3 goblins (D:1)
  7 hobgoblins
  5 bats
  2 frilled lizards (D:1)
  4 kobolds
  2 rats (D:1)
28 creatures vanquished.

Notes
Turn   | Place    | Note
-------+----------+-------------------------------------------
     0 | D:1      | flotson the Demonspawn Monk began the quest for the Orb.
     0 | D:1      | Reached XP level 1. HP: 18/18 MP: 1/1
   174 | D:1      | Gained mutation: You have large cloven feet. [demonic
                  | ancestry]
   174 | D:1      | Reached XP level 2. HP: 14/24 MP: 2/2
  1348 | D:2      | Gained mutation: You have hoof-like feet. [demonic
                  | ancestry]
  1348 | D:2      | Reached XP level 3. HP: 27/29 MP: 3/3
  1393 | D:2      | Found a burning altar of Makhleb.
  1407 | D:2      | Reached skill level 1 in Throwing
  1407 | D:2      | Reached skill level 1 in Armour
  1416 | D:2      | Found a blossoming altar of Fedhas.
  1424 | D:2      | Became a worshipper of Fedhas Madash
  1424 | D:2      | Reached * piety under Fedhas
  1424 | D:2      | Reached ** piety under Fedhas
  1462 | D:2      | HP: 1/29 [poisoned by an adder]
  1467 | D:2      | Succumbed to an adder's poison

Illustrated notes

Levels and vault maps discovered:
D:1:      psy_arrival_conway, layout_basic, minmay_misc_feat_tower
D:2:      layout_rooms, lemuel_crystal_altar,
          chequers_temple_overflow_statue_of_worship, led_sif_pool,
          serial_glass, glass_columns_a, glass_columns_c

Skill      XL: |  1  2  3 |
---------------+----------+-----
Axes           | 3 |  3.0
Throwing       | 1 |  1.0
Armour         | 1 |  1.2
Dodging        | 3 |  3.0
Fighting       | |  3.3
Stealth        | |  1.7

Action                   || total
-------------------------++-------
Melee: Hand axe          ||    82
       Kick              ||    15
  Use: Potion            ||     3
 Stab: Sleeping          ||     3
  Eat: Chunk             ||     2
Armor: Robe              ||     7
       Leather armour    ||    15
Dodge: Dodged            ||    69
